AoeStats
← TAZmania

Nomad

508503820Analyzed
2v2 RM · 11d ago on Sep 22, 2026· 35m 13s· 4 players
Game mode
Random Map
Map size
176×176
Population
200
Speed
Normal
Resources
Standard
Victory
Conquest
Starting age
Dark Age
Ending age
Imperial Age
RankedLock teamsTeams togetherTeam positionsShared explorationLock speedFull tech treeHidden civsTurbo modeCheats
Victory
Defeat
🇦🇷 Huns · Argentina
877
+15
🇦🇷 Spanish · Argentina
827
+17
🇨🇴 Byzantines · Colombia
847
-16
🇱🇰 Japanese · Sri Lanka
842
-16
DonRa
8:36 Loom
13:21 Feudal Age
14:02 Double-Bit Axe
15:14 Man-at-Arms
19:47 Horse Collar
21:27 Wheelbarrow
20:37 Town Watch
25:45 Castle Age
23:49 Fletching
25:12 Gold Mining
25:12 Stone Mining
25:18 Stone Mining
26:16 Crossbowman
26:59 Bodkin Arrow
27:23 Padded Archer Armor
28:23 Arson
29:39 Hand Cart
31:51 Ballistics
31:28 Murder Holes
31:10 Pikeman
32:22 Treadmill Crane
34:17 Squires
34:38 Leather Archer Armor
34:33 Forging
34:24 Scale Mail Armor
TAZmania
7:35 Loom
19:14 Feudal Age
20:45 Wheelbarrow
19:58 Double-Bit Axe
19:54 Man-at-Arms
21:30 Fletching
23:05 Padded Archer Armor
23:27 Gold Mining
34:15 Forging
Soldadito
12:59 Loom
16:16 Feudal Age
18:20 Man-at-Arms
18:47 Arson
21:28 Fishing Lines
23:10 Horse Collar
23:21 Double-Bit Axe
25:54 Castle Age
29:51 Scale Barding Armor
30:34 Heavy Plow
30:52 Forging
31:08 Fletching
C0RMANO
16:19 Feudal Age
17:56 Double-Bit Axe
19:02 Scale Mail Armor
19:13 Forging
20:05 Man-at-Arms
20:53 Loom
21:57 Forging
29:28 Castle Age
27:43 Bloodlines
30:58 Scale Barding Armor
31:38 Husbandry
32:33 Chain Barding Armor
Connection lost

Rejoining the realm…

Still unreachable

The connection could not be restored.

Session expired

The server has moved on; the page needs a fresh start.